 Dungeon Crawl Stone Soup version 0.29.1-2-gbd0b4ee654 (webtiles) character file.

Game seed: 2367431922889049909

77 nshep25 the Covered (level 4, 0/40 HPs)
             Began as a Minotaur Fighter on Oct 26, 2022.
             Succumbed to Sigmund's poison
             ... on level 2 of the Dungeon.
             The game lasted 00:02:19 (828 turns).

nshep25 the Covered (Minotaur Fighter)               Turns: 828, Time: 00:02:20

Health: 0/40       AC:  9    Str: 23    XL:     4   Next: 13%
Magic:  3/3        EV:  7    Int:  5    God:
Gold:   73         SH:  4    Dex:  9    Spells: 3/3 levels left

rFire   . . .      SeeInvis .   a - +0 war axe
rCold   . . .      Faith    .   c - +0 buckler
rNeg    . . .      Spirit   .   k - +0 chain mail
rPois   .          Reflect  .   (helmet restricted)
rElec   .          Harm     .   (no cloak)
rCorr   .          Rampage  .   (no gloves)
Will    .....                   (no boots)
Stlth   ..........              (no amulet)
HPRegen 0.13/turn               (no ring)
MPRegen 0.08/turn               (no ring)

@: lethally poisoned (0 -> -38)
A: horns 2, retaliatory headbutt
a: no special abilities


You were on level 2 of the Dungeon.
You visited 1 branch of the dungeon, and saw 2 of its levels.

You collected 73 gold pieces.

Inventory:

Hand Weapons
 a - a +0 war axe (weapon)
Armour
 b - a +0 scale mail
 c - a +0 buckler (worn)
 k - a +0 chain mail (worn)
Scrolls
 g - a scroll of noise {unknown}
 i - a scroll of silence {unknown}
 l - a scroll of immolation {unknown}
Potions
 d - a potion of might
 e - a potion of cancellation {unknown}
 f - a potion of lignification {unknown}
 h - a potion of curing {unknown}
 j - a potion of resistance {unknown}


   Skills:
 + Level 4.3 Fighting
 * Level 3.5 Axes
 + Level 4.3 Armour
 + Level 0.4 Dodging
 + Level 4.2 Shields


You had 3 spell levels left.
You didn't know any spells.
Your spell library was empty.

Dungeon Overview and Level Annotations

Branches:
Dungeon (2/15)

Altars:

Annotations:
D:2 Sigmund


Innate Abilities, Weirdness & Mutations

You have a pair of horns on your head.
You reflexively headbutt those who attack you in melee.


Message History

You hit the endoplasm.
The endoplasm is moderately wounded.
The endoplasm barely misses you. You block the endoplasm's attack.
You hit the endoplasm.
You kill the endoplasm!
You have reached level 4!
You feel stronger.
Found a ring mail.
Found a stone staircase leading up.
Found a robe.
Found a leather armour.
An adder comes into view.
The adder hisses angrily.
You slash the adder!
You kill the adder!
Sigmund the Dreaded comes into view.
He is wielding a +3 scythe of venom.
Sigmund shouts!
Sigmund looks at you with fury. Sigmund gestures at you while chanting.
You resist with some effort.
You closely miss Sigmund.
Sigmund hits you with a +3 scythe of venom.
You are poisoned.
You closely miss Sigmund.
You feel very sick. You block Sigmund's attack.
You hit Sigmund.
Sigmund is lightly wounded.
You feel sick.
Sigmund hits you with a +3 scythe of venom!
You are lethally poisoned!
You barely miss Sigmund.
Sigmund is lightly wounded.
You feel extremely sick.
Sigmund hits you with a +3 scythe of venom!
* * * LOW HITPOINT WARNING * * *
You are more poisoned.
You barely miss Sigmund.
Sigmund is lightly wounded.
You die...

.... .... #.. ....
#.####### .... #.#.....
#... ###.#.... #
#......# # #......# #
#..@...# # #@# #.. #.#
..#..# ... #######.#
..#..# ... #.......# #
#.#..# .. #.......# .# .
#.#..# ....
#.......#..#.. #.#..#
.... #.......#...[.
#.#..# ....
######.....######.#..#
...
..######..#####........#


You could see Sigmund.

Vanquished Creatures
  Terence (D:2)
  A gnoll (D:1)
  2 adders (D:2)
  5 ball pythons
  2 endoplasms
  A giant cockroach (D:1)
  2 goblins (D:1)
  2 hobgoblins
  3 jackals (D:2)
  A quokka (D:1)
  A bat (D:1)
  A frilled lizard (D:1)
  3 kobolds (D:1)
  2 rats (D:1)
27 creatures vanquished.

Notes
Turn   | Place    | Note
-------+----------+-------------------------------------------
     0 | D:1      | nshep25 the Minotaur Fighter began the quest for the Orb.
     0 | D:1      | Reached XP level 1. HP: 19/19 MP: 0/0
    78 | D:1      | Reached XP level 2. HP: 17/27 MP: 1/1
   214 | D:1      | Found a faded altar of an unknown god.
   502 | D:1      | Reached XP level 3. HP: 33/33 MP: 2/2
   569 | D:2      | Noticed Terence
   576 | D:2      | Killed Terence
   763 | D:2      | Reached XP level 4. HP: 39/40 MP: 3/3
   820 | D:2      | Noticed Sigmund
   828 | D:2      | Succumbed to Sigmund's poison

Illustrated notes

Levels and vault maps discovered:
D:1:      scummos_arrival_gate, layout_rooms,
          ebering_ecumenical_altar_sacrificial
D:2:      layout_basic, uniq_sigmund, uniq_terence, uniq_natasha

Skill      XL: |  1  2  3 |
---------------+----------+-----
Shields        | 4 |  4.2
Fighting       | 4 |  4.3
Armour         | 4 |  4.3
Axes           | 3 |  3.5
Dodging        | |  0.4

Action                   |  1- 3 |  4- 6 || total
-------------------------+-------+-------++-------
Melee: War axe           |    72 |     6 ||    78
       Headbutt          |     5 |       ||     5
Armor: Scale mail        |    34 |       ||    34
       Chain mail        |     8 |       ||     8
Dodge: Dodged            |    31 |       ||    31
Block: Buckler           |    20 |     1 ||    21
